 Dungeon Crawl Stone Soup version 0.22-a0-580-gd5db89c09a (webtiles) character file.

683 PikkenKukken the Skirmisher (level 7, 0/55 HPs)
             Began as a Demonspawn Fighter on July 2, 2018.
             Slain by a river rat (1 damage)
             ... summoned by Eustachio
             ... on level 4 of the Dungeon.
             The game lasted 00:12:11 (4899 turns).

PikkenKukken the Skirmisher (Demonspawn Fighter)    Turns: 4899, Time: 00:12:11

Health: 0/55       AC:  9    Str: 18      XL:     7   Next: 35%
Magic:  7/7        EV:  7    Int:  9      God:
Gold:   212        SH:  8    Dex:  9 (13) Spells: 6/6 levels left

rFire    . . .     SeeInvis .   a - +1 long sword
rCold    . . .     Gourm    .   c - +0 shield
rNeg     . . .     Faith    .   b - +0 scale mail
rPois    .         Spirit   .   (helmet restricted)
rElec    .         Reflect  .   (no cloak)
rCorr    .         Harm     .   (no gloves)
MR       .....                  (no boots)
Stlth    ..........             (no amulet)
HPRegen  0.18/turn              (no ring)
MPRegen  0.10/turn              (no ring)

@: heavily drained
A: horns 1, slimy green scales 2
a: no special abilities


You were on level 4 of the Dungeon.
You were not hungry.

You visited 1 branch of the dungeon, and saw 4 of its levels.
You also visited: Ossuary.

You collected 212 gold pieces.

Inventory:

Hand Weapons
 a - a +1 long sword (weapon)
 g - a -2 hunting sling
Missiles
 e - 24 bolts
Armour
 b - a +0 scale mail (worn)
 c - a +0 shield (worn)
 h - a +0 helmet
Scrolls
 l - a scroll of remove curse
Potions
 d - a potion of curing
 i - 2 potions of haste
 j - a potion of heal wounds
 k - 2 potions of brilliance
 m - a potion of berserk rage {unknown}
 n - a potion of lignification {unknown}
 o - 2 potions of mutation {unknown}
Comestibles
 f - 3 rations


   Skills:
 + Level 4.6(3.1) Fighting
 + Level 3.6(2.1) Long Blades
 + Level 4.2(2.6) Armour
 + Level 3.0(1.5) Dodging
 + Level 4.2(2.7) Shields


You had 6 spell levels left.
You didn't know any spells.
Your spell library contained the following spells:

 Spells                   Type           Power        Failure   Level  Hunger
 Apportation              Tloc           #.....       99%         1    ##.....
 Summon Small Mammal      Summ           #...         99%         1    ##.....
 Animate Skeleton         Necr           N/A          99%         1    ##.....
 Confusing Touch          Hex            #.....       99%         1    ##.....


Dungeon Overview and Level Annotations

Branches:
Dungeon (4/15)
 Temple: D:4-7

Altars:

Annotations:
D:3 3 runed doors, alpinistek's ghost, amateur DsIE
D:4 Eustachio; Sigmund


Innate Abilities, Weirdness & Mutations

You have a pair of small horns on your head.
You are mostly covered in slimy green scales. (AC +3)


Message History

You block the bat's attack. The bat barely misses you.
The shadow imp barely misses you.
You riposte.
You barely miss the shadow imp. You headbutt the shadow imp.
The shadow imp is lightly wounded.
The river rat bites you.
* * * LOW HITPOINT WARNING * * *
You block the ufetubus's attack.
The ufetubus hits you but does no damage.
The shadow imp hits you but does no damage.
The river rat bites you!
* * * LOW HITPOINT WARNING * * *
The ufetubus barely misses you.
The ufetubus hits you but does no damage.
You hit the river rat but do no damage. Your headbutt misses the river rat.
The river rat is moderately wounded.
You block the bat's attack. You block the ufetubus's attack.
The ufetubus barely misses you. The shadow imp hits you.
* * * LOW HITPOINT WARNING * * *
The river rat bites you.
You die...

.....####........... #
####.# #........... ###.##
#.[..@..#### #....#
#.......# #....###..ยง....#
#.....##.......#
#.....##.......#
#.....##......r############
#.....##.....b5@...........
#.....##.....55#b........#
#..)..#######.##.........#
#.....#######)##.....###.#
#####.#.....<.######.#
#.#.####### #...# #...#
#.### ##### #######.###.#
............#


You could see Eustachio, a crimson imp, a river rat, a shadow imp, an ufetubus
and 2 bats.

Vanquished Creatures
  An ogre (D:4)
  2 elf zombies (Ossuary)
  4 centaur zombies (Ossuary)
  2 human zombies (Ossuary)
  An orc wizard (D:3)
  3 mummies (Ossuary)
  4 gnolls
  5 adders
  5 adder zombies (Ossuary)
  An adder skeleton (D:4)
  2 worms (D:2)
  2 dart slugs (D:1)
  2 leopard geckos
  8 orcs
  A giant cockroach (D:3)
  6 goblins
  2 hobgoblins
  7 jackals
  A quokka (D:2)
  A ball python (D:2)
  9 bats
  4 frilled lizards
  3 goblin zombies (Ossuary)
  4 jackal zombies (Ossuary)
  14 kobolds
  4 kobold zombies (Ossuary)
  An orc zombie (Ossuary)
  5 quokka zombies (Ossuary)
  2 rats
  3 rat zombies (Ossuary)
109 creatures vanquished.

Notes
Turn   | Place    | Note
-------+----------+-------------------------------------------
     0 | D:1      | PikkenKukken the Demonspawn Fighter began the quest for the Orb.
     0 | D:1      | Reached XP level 1. HP: 18/18 MP: 1/1
   256 | D:1      | Gained mutation: You are partially covered in slimy green scales. (AC +2) [demonic ancestry]
   256 | D:1      | Reached XP level 2. HP: 24/24 MP: 2/2
   898 | D:2      | Reached skill level 1 in Dodging
   898 | D:2      | Reached XP level 3. HP: 25/29 MP: 3/3
  1758 | D:2      | Reached XP level 4. HP: 31/35 MP: 4/4
  2823 | D:3      | Found a runed gate.
  2823 | D:3      | Found a runed gate.
  2823 | D:3      | Found a runed gate.
  2867 | D:3      | Reached XP level 5. HP: 31/42 MP: 5/5
  3245 | D:3      | Noticed alpinistek's ghost (amateur DsIE)
  3290 | D:4      | Noticed Sigmund
  3631 | D:4      | Noticed an ogre
  3639 | D:4      | Killed an ogre
  3639 | D:4      | Gained mutation: You have a pair of small horns on your head. [demonic ancestry]
  3639 | D:4      | Reached XP level 6. HP: 23/48 MP: 6/6
  3728 | D:4      | Found a sand-covered staircase.
  3733 | Ossuary  | Entered an ossuary
  4306 | Ossuary  | Gained mutation: You are mostly covered in slimy green scales. (AC +3) [demonic ancestry]
  4306 | Ossuary  | Reached XP level 7. HP: 55/55 MP: 7/7
  4800 | D:4      | Noticed Eustachio
  4865 | D:4      | HP: 2/55 [ufetubus[Eustachio] (1)]
  4899 | D:4      | HP: 1/55 [shadow imp[Eustachio] (4)]
  4899 | D:4      | Slain by a river rat

Vault maps used:
D:1:      shiori_arrival_maze, roderic_lattice_a
D:2:      minivault_26
D:3:      ebering_ghost_rock_garden
D:4:      lemuel_round_altar, makhleb_grotto_becter, first_ration,
          enter_ossuary_2, uniq_sigmund, uniq_eustachio, uniq_edmund
Ossuary:  minmay_ossuary_two_tombs

Skill      XL: |  1  2  3  4  5  6  7 |
---------------+----------------------+-----
Long Blades    | 2 3 |  3.6
Dodging        | 1 2 3 |  3.0
Shields        | 3 4 |  4.2
Armour         | 3 4 |  4.2
Fighting       | 4 |  4.6

Action                   |  1- 3 |  4- 6 |  7- 9 || total
-------------------------+-------+-------+-------++-------
Melee: Long sword        |   109 |   295 |   109 ||   513
       Headbutt          |       |    24 |    22 ||    46
  Use: Scroll            |     6 |     4 |     1 ||    11
       Potion            |       |     1 |     1 ||     2
  Eat: Chunk             |     3 |     6 |       ||     9
       Ration            |       |     1 |     1 ||     2
Armor: Scale mail        |    66 |   151 |   144 ||   361
Dodge: Dodged            |    42 |   117 |    80 ||   239
Block: Shield            |    66 |   181 |    87 ||   334
       Rpst.: Long sword |    14 |    37 |    18 ||    69

Table legend:
 A = Spawn XP
 B = Non-spawn XP
 C = Spawn XP percentage of total XP
 D = Spawn monster count
 E = Non-spawn monster count
 F = Spawn count percentage of total count
 G = Total turns spent on level
                    A         B        C        D         E        F      G
               +---------+---------+-------+---------+---------+-------+---------
         Total |       0 |     976 |   0.0 |       0 |     109 |   0.0 |  4899
               +---------+---------+-------+---------+---------+-------+---------
           D:1 |       0 |      27 |   0.0 |       0 |      14 |   0.0 |   940
           D:2 |       0 |     113 |   0.0 |       0 |      32 |   0.0 |  1571
           D:3 |       0 |     140 |   0.0 |       0 |      23 |   0.0 |  1046
           D:4 |       0 |     127 |   0.0 |       0 |       4 |   0.0 |   491
       Ossuary |       0 |     569 |   0.0 |       0 |      36 |   0.0 |   851
               +---------+---------+-------+---------+---------+-------+---------
